Map: Catalesque CE

Players

Ekelpack

  • Race: Zerg Zerg
  • Spawn Location: 11:00

Nyck

  • Race: Terran Terran
  • Spawn Location: 11:00

FiatPunto - Winner!

  • Race: Zerg Zerg
  • League: Master
  • Spawn Location: 5:00

LoviuF - Winner!

  • Race: Protoss Protoss
  • League: Master
  • Spawn Location: 5:00

VOD

Have the link to the VOD?

Description

Time

  • Played on: Oct. 2, 2024, 3:02 p.m.
  • Length: 5:10
Show
View Real Time Build Order
Export as new Build Order

Ekelpack Zerg 

Build Orders: Hatch First 

Get SALT Encoding   

  12  0:00  Drone  
  13  0:12  Overlord  
  13  0:17  Drone  
  14  0:31  Drone x2  
  16  0:50  Hatchery  
  16  0:55  Drone  
  16  1:06  Spawning Pool  
  16  1:10  Drone  
  16  1:15  Drone, Extractor  
  16  1:19  Drone  
  16  1:22  Drone  
  18  1:34  Drone  
  19  1:47  Drone  
  19  1:53  Queen  
  22  2:01  Queen  
  22  2:04  Drone  
  22  2:08  Drone x2  
  27  2:16  Overlord  
  27  2:19  Drone  
  28  2:30  Lair  
  28  2:36  Drone x3  
  31  2:39  Extractor  
  30  2:46  Drone  
  30  2:47  Drone  
  30  2:48  Drone  
  30  2:50  Extractor  
  32  2:51  Queen  
  32  2:58  Overlord  
  34  3:06  Drone x2  
  36  3:17  Extractor  
  36  3:19  Drone x5  
  40  3:25  Drone x3  
  43  3:28  Drone  
  44  3:41  Spire  
  43  3:48  Metabolic Boost  
  43  3:50  Overlord  
  43  4:03  Zergling x2  
  44  4:10  Zergling x4, Overlord  
  44  4:11  Zergling x8  
  47  4:33  Zergling x6  
  47  4:34  Zergling x6  
  52  4:44  Zergling x4  
  52  4:45  Zergling x2  
Show
View Real Time Build Order
Export as new Build Order

Nyck Terran 

Build Orders:  

Get SALT Encoding   

  12  0:00  SCV  
  13  0:13  Supply Depot  
  13  0:18  SCV  
  14  0:30  SCV  
  15  0:37  Barracks  
  15  0:41  Refinery  
  15  0:45  SCV  
  16  0:57  Barracks  
  16  1:01  SCV  
  17  1:11  Refinery  
  17  1:13  SCV  
  18  1:25  SCV  
  19  1:31  Reaper  
  20  1:40  Orbital Command  
  20  1:45  Reaper  
  21  1:48  Supply Depot  
  21  2:03  Reaper  
  21  2:06  SCV  
  23  2:18  SCV, Reaper  
  25  2:32  Barracks  
  25  2:35  Reaper  
  26  2:37  Supply Depot, SCV  
  27  2:49  SCV  
  27  2:50  Reaper  
  29  3:01  SCV  
  30  3:08  Reaper  
  27  3:43  SCV  
  27  3:44  Marine x3  
  31  3:55  SCV  
  29  4:07  Marine x3, Factory  
  29  4:24  Marine  
  29  4:25  Marine x2  
  5  4:45  SCV  
Show
View Real Time Build Order
Export as new Build Order

FiatPunto Zerg - Winner!

Build Orders: Pool First 

Get SALT Encoding   

  12  0:00  Drone  
  13  0:14  Overlord  
  13  0:17  Drone  
  14  0:32  Drone x2  
  16  0:37  Drone  
  16  0:38  Extractor  
  16  0:47  Spawning Pool  
  15  0:50  Drone  
  16  0:58  Drone  
  17  1:08  Drone  
  18  1:28  Hatchery  
  17  1:34  Zergling x4  
  17  1:38  Metabolic Boost  
  19  1:50  Zergling x2  
  22  1:58  Roach Warren  
  22  1:59  Zergling x2  
  20  2:05  Queen  
  22  2:21  Overlord  
  22  2:40  Roach x3  
  22  2:41  Zergling x2  
  29  2:52  Zergling x4  
  31  3:04  Ravager x2  
  33  3:07  Zergling x4  
  33  3:12  Zergling x2  
  36  3:15  Overlord  
  36  3:35  Ravager  
  37  3:46  Zergling x12  
  43  3:55  Zergling x2  
  44  3:57  Overlord x2  
  44  4:14  Overlord  
  43  4:29  Zergling x4  
  43  4:30  Zergling x6  
Show
View Real Time Build Order
Export as new Build Order

LoviuF Protoss - Winner!

Build Orders:  

Get SALT Encoding   

  12  0:00  Probe  
  13  0:12  Probe  
  14  0:19  Pylon  
  14  0:24  Probe (Chrono Boost)  
  15  0:38  Gateway, Probe (Chrono Boost)  
  16  0:45  Probe (Chrono Boost)  
  16  0:46  Assimilator  
  17  0:52  Probe  
  17  0:54  Assimilator  
  18  1:04  Probe (Chrono Boost)  
  18  1:10  Gateway  
  19  1:15  Probe (Chrono Boost)  
  20  1:19  Probe (Chrono Boost)  
  21  1:27  Cybernetics Core  
  21  1:30  Probe  
  22  1:42  Probe, Pylon  
  23  2:03  Robotics Facility  
  23  2:05  Stalker  
  23  2:06  Stalker  
  27  2:09  Warp Gate (Chrono Boost)  
  27  2:14  Pylon  
  27  2:33  Pylon  
  27  2:35  Adept  
  27  2:36  Adept  
  31  2:48  Gateway  
  31  2:58  Immortal (Chrono Boost)  
  35  3:13  Shield Battery  
  29  3:30  Probe  
  30  3:42  Warp Prism, Probe  
  33  3:54  Probe  
  34  3:59  Sentry  
  34  4:00  Stalker, Sentry  
  40  4:15  Probe  
  41  4:27  Probe  
  42  4:32  Stalker x2  
  38  4:53  Probe  
  33  5:00  Adept  
  33  5:01  Adept x2  
Tags
 
Add a new tag
Caveats
  • Supply blocks, unpowered buildings, or Contaminate may cause inaccurate times.
  • Supply counts are checked every 10 seconds.